 Dungeon Crawl Stone Soup version 0.26-a0-1145-gf5f8a83f67 (webtiles) character file.

Game seed: 1109308139389905295

4054 Adamkad1 the Frost Mage (level 10, -17/74 HPs)
             Began as a Gnoll Ice Elementalist on Dec 22, 2020.
             Was a Priest of Sif Muna.
             Killed from afar by Erica (34 damage)
             ... with a bolt of poison
             ... on level 8 of the Dungeon.
             The game lasted 00:15:26 (8562 turns).

Adamkad1 the Frost Mage (Gnoll Ice Elementalist)    Turns: 8562, Time: 00:15:27

Health: -17/74     AC: 12    Str: 15    XL:     10   Next: 24%
Magic:  12/20      EV: 15    Int: 17    God:    Sif Muna [***...]
Gold:   209        SH:  0    Dex: 15    Spells: 8/23 levels left

rFire    + . .     SeeInvis .   z - +3 dire flail (protect)
rCold    x . .     Faith    +   (shield currently unavailable)
rNeg     . . .     Spirit   .   u - +0 ring mail
rPois    .         Reflect  .   w - +0 hat
rElec    .         Harm     .   t - +0 cloak
rCorr    .         Rampage  .   (no gloves)
Will     .....                  n - +0 pair of boots
Stlth    +++.......             l - amulet of faith
HPRegen  0.22/turn              r - ring of wizardry
MPRegen  0.17/turn              c - ring of fire

@: mighty, lethally poisoned (-17 -> -24), icy armour, slowed, very slow
A: distributed training, fangs 1, strong nose
a: Renounce Religion, Channel Magic, Forget Spell


You were on level 8 of the Dungeon.
You worshipped Sif Muna.
Sif Muna was most pleased with you.
You visited 2 branches of the dungeon, and saw 9 of its levels.

You collected 365 gold pieces.
You spent 156 gold pieces at shops.

Inventory:

Hand Weapons
 i - a +0 short sword
 z - a +3 dire flail of protection (weapon)
 G - a +1 vorpal flail
Missiles
 y - 6 boomerangs
Armour
 a - a +0 robe
 n - a +0 pair of boots (worn)
 t - a +0 cloak (worn)
 u - a +0 ring mail (worn)
 w - a +0 hat (worn)
 x - a +0 kite shield
Jewellery
 c - a ring of fire (right hand)
 f - an uncursed ring of stealth {unknown}
 l - an amulet of faith (around neck)
 r - a ring of wizardry (left hand)
Scrolls
 b - 7 scrolls of identify
 h - a scroll of fear
 m - 3 scrolls of amnesia
 q - a scroll of teleportation
 v - a scroll of magic mapping {unknown}
 A - 2 scrolls of random uselessness {unknown}
 E - a scroll of enchant armour {unknown}
 F - 2 scrolls of immolation {unknown}
 J - a scroll of enchant weapon
Potions
 d - a potion of berserk rage {unknown}
 e - a potion of might
 g - a potion of degeneration {unknown}
 j - a potion of curing
 k - 3 potions of heal wounds {unknown}
 o - 2 potions of resistance {unknown}
 p - a potion of attraction {unknown}
 s - 2 potions of ambrosia {unknown}
 B - 2 potions of lignification {unknown}
 C - a potion of mutation {unknown}
 D - 2 potions of magic {unknown}
 H - 2 potions of invisibility {unknown}
 I - a potion of brilliance {unknown}


   Skills:
 + Level 5.1 Fighting
 + Level 5.1 Short Blades
 + Level 5.1 Long Blades
 + Level 5.1 Axes
 + Level 5.1 Maces & Flails
 + Level 5.1 Polearms
 + Level 5.1 Staves
 + Level 5.1 Slings
 + Level 5.1 Bows
 + Level 5.1 Crossbows
 + Level 5.1 Throwing
 + Level 5.1 Armour
 + Level 6.9 Dodging
 + Level 6.6 Stealth
 + Level 5.1 Shields
 + Level 5.1 Unarmed Combat
 + Level 7.2 Spellcasting
 + Level 4.2 Conjurations
 + Level 4.2 Hexes
 + Level 4.2 Summonings
 + Level 4.2 Necromancy
 + Level 4.2 Translocations
 + Level 4.2 Transmutations
 + Level 4.2 Fire Magic
 + Level 8.3 Ice Magic
 + Level 4.2 Air Magic
 + Level 4.2 Earth Magic
 + Level 4.2 Poison Magic
 + Level 5.6 Invocations
 + Level 5.1 Evocations


You had 8 spell levels left.
You knew the following spells:

 Your Spells              Type           Power        Failure   Level
a - Freeze                Ice            100%         1%          1
b - Frozen Ramparts       Ice            68%          1%          3
c - Ozocubu's Armour      Ice            34%          1%          3
d - Hailstorm             Conj/Ice       27%          6%          4
e - Summon Ice Beast      Ice/Summ       27%          6%          4

Your spell library contained the following spells:

 Spells                   Type           Power        Failure   Level
 Beastly Appendage        Tmut           40%          1%          1
 Sandblast                Erth           40%          1%          1
 Shock                    Conj/Air       80%          1%          1
 Passwall                 Tmut/Erth      16%          2%          2
 Wereblood                Tmut           20%          2%          2
 Mephitic Cloud           Conj/Pois/Air  20%          4%          3
 Spider Form              Tmut/Pois      10%          4%          3
 Stone Arrow              Conj/Erth      40%          4%          3
 Ice Form                 Ice/Tmut       27%          6%          4
 Petrify                  Tmut/Erth      20%          16%         4
 Blade Hands              Tmut           10%          38%         5
 Lee's Rapid Deconstruct  Erth           10%          38%         5
 Freezing Cloud           Conj/Ice/Air   12%          75%         6


Dungeon Overview and Level Annotations

Branches:
Dungeon (8/15)             Temple (1/1) D:5
   Lair: D:8-11

Altars:
Ashenzari
Cheibriados
Dithmenos
Elyvilon
Fedhas
Gozag
Kikubaaqudgha
Makhleb
Nemelex Xobeh
Okawaru
Qazlal
Ru
Sif Muna
Trog
Uskayaw
Vehumet
Wu Jian
Xom
Yredelemnul
Zin
The Shining One

Shops:
D:6 ?(

Annotations:
D:8 Erica


Innate Abilities, Weirdness & Mutations

Your experience applies equally to all skills.
You have very sharp teeth.
Your uncanny sense of smell can sniff out nearby items.


Message History

You feel less confused.
You feel very sick.
You hear some strange, mumbled words.
A lance of force appears from out of thin air!
The lance of force hits you!
* * * LOW HITPOINT WARNING * * *
You are knocked back by the lance of force.
Casting: Ozocubu's Armour (safe; 1% risk of failure)
Confirm with . or Enter, or press ? or * to list all spells.
Okay, then.
It was a potion of might.
You feel very mighty all of a sudden.
* * * LOW HITPOINT WARNING * * *
You feel sick.
You feel better.
You hear some strange, mumbled words.
A bolt of poison appears from out of thin air!
The bolt of poison hits you!!
You are poisoned.
You die...

..)....###########....##.#####
.................#####.......#
.................#...#...)...#
.................#...#.......#
.................+...#.......#
.................#'###.......#
.......##.######........#.####
.......+.......#........#....#
.......#...{.@.#........'....#
.......#'#######........#...##
.......#.. ##############
.......#... .......#...@
#..... #...... #.......


There were no monsters in sight!

Vanquished Creatures
  A two-headed ogre (D:8)
  Sigmund (D:4)
  Eustachio (D:6)
  Edmund (D:4)
  A water moccasin (D:6)
  2 phantoms
  An ice beast (D:8)
  2 centaurs (D:5)
  3 ogres
  2 big kobolds
  A bullfrog (D:8)
  2 gnoll sergeants (D:6)
  A wyvern skeleton (D:7)
  6 wights (D:6)
  7 howler monkeys
  2 bullfrog zombies (D:6)
  A quasit (D:8)
  3 orc priests
  8 hounds
  8 orc wizards
  A bullfrog skeleton (D:5)
  An iguana (D:8)
  9 worker ants
  A mummy (D:5)
  A worker ant zombie (D:6)
  18 gnolls
  8 adders
  2 shadow imps
  A white imp (D:6)
  2 ufetubi (D:6)
  2 adder skeletons
  4 worms
  4 dart slugs
  6 leopard geckos
  27 orcs
  3 ball pythons
  6 giant cockroaches
  7 goblins
  6 hobgoblins
  3 jackals (D:6)
  3 quokkas
  6 bats
  10 frilled lizards
  A giant cockroach zombie (D:5)
  11 kobolds
  A leopard gecko zombie (D:5)
  9 rats
207 creatures vanquished.

Notes
Turn   | Place    | Note
-------+----------+-------------------------------------------
     0 | D:1      | Adamkad1 the Gnoll Ice Elementalist began the quest for the
                  | Orb.
     0 | D:1      | Reached XP level 1. HP: 13/13 MP: 6/6
     2 | D:1      | Noticed a troll
     2 | D:1      | Noticed a gargoyle
     4 | D:1      | Noticed a human
     4 | D:1      | Noticed a centaur
     6 | D:1      | Noticed a minotaur
     6 | D:1      | Noticed a draconian
     8 | D:1      | Noticed a demigod
    10 | D:1      | Noticed a naga
    12 | D:1      | Noticed a felid
    12 | D:1      | Noticed a ghoul
    14 | D:1      | Noticed a formicid
    14 | D:1      | Noticed a merfolk
    16 | D:1      | Noticed a tengu
    18 | D:1      | Noticed an ogre
    18 | D:1      | Noticed a demonspawn
    20 | D:1      | Noticed a dwarf
    20 | D:1      | Noticed a halfling
    22 | D:1      | Noticed a vampire
    24 | D:1      | Noticed a vine stalker
    24 | D:1      | Noticed an elf
    26 | D:1      | Noticed an octopode
    26 | D:1      | Noticed a spriggan
   194 | D:1      | Reached XP level 2. HP: 19/19 MP: 5/7
   728 | D:1      | Reached skill level 5 in Spellcasting
   728 | D:1      | Reached XP level 3. HP: 25/25 MP: 6/9
   777 | D:1      | Learned a level 3 spell: Frozen Ramparts
   781 | D:1      | Learned a level 3 spell: Ozocubu's Armour
   838 | D:1      | Reached skill level 1 in Invocations
  1068 | D:2      | Reached skill level 1 in Fighting
  1068 | D:2      | Reached skill level 1 in Short Blades
  1068 | D:2      | Reached skill level 1 in Long Blades
  1068 | D:2      | Reached skill level 1 in Axes
  1068 | D:2      | Reached skill level 1 in Maces & Flails
  1068 | D:2      | Reached skill level 1 in Polearms
  1068 | D:2      | Reached skill level 1 in Staves
  1068 | D:2      | Reached skill level 1 in Slings
  1068 | D:2      | Reached skill level 1 in Bows
  1068 | D:2      | Reached skill level 1 in Crossbows
  1068 | D:2      | Reached skill level 1 in Throwing
  1068 | D:2      | Reached skill level 1 in Armour
  1068 | D:2      | Reached skill level 1 in Shields
  1068 | D:2      | Reached skill level 1 in Unarmed Combat
  1068 | D:2      | Reached skill level 1 in Evocations
  1103 | D:2      | Reached XP level 4. HP: 19/32 MP: 6/11
  1417 | D:2      | Found a blossoming altar of Fedhas.
  1618 | D:2      | Found a faded altar of an unknown god.
  1897 | D:2      | Reached skill level 1 in Conjurations
  1897 | D:2      | Reached skill level 1 in Hexes
  1897 | D:2      | Reached skill level 1 in Summonings
  1897 | D:2      | Reached skill level 1 in Necromancy
  1897 | D:2      | Reached skill level 1 in Translocations
  1897 | D:2      | Reached skill level 1 in Transmutations
  1897 | D:2      | Reached skill level 1 in Fire Magic
  1897 | D:2      | Reached skill level 1 in Air Magic
  1897 | D:2      | Reached skill level 1 in Earth Magic
  1897 | D:2      | Reached skill level 1 in Poison Magic
  1934 | D:3      | Reached XP level 5. HP: 27/37 MP: 6/12
  2202 | D:3      | Found an ornate altar of the Wu Jian Council.
  2735 | D:4      | Reached XP level 6. HP: 37/44 MP: 8/13
  2853 | D:4      | Noticed Edmund
  2860 | D:4      | Killed Edmund
  2861 | D:4      | Reached skill level 5 in Dodging
  3117 | D:4      | Reached XP level 7. HP: 48/50 MP: 11/15
  3458 | D:4      | Found a glowing silver altar of Zin.
  3752 | D:4      | Noticed Sigmund
  3767 | D:4      | Killed Sigmund
  3768 | D:4      | Reached skill level 5 in Stealth
  3832 | D:5      | Entered Level 5 of the Dungeon
  3857 | D:5      | Reached XP level 8. HP: 26/57 MP: 7/16
  4239 | D:5      | Found an iron altar of Okawaru.
  4241 | D:5      | Found a burning altar of Makhleb.
  4245 | D:5      | Found a shadowy altar of Dithmenos.
  4504 | D:5      | Found a snail-covered altar of Cheibriados.
  4528 | D:5      | Found a staircase to the Ecumenical Temple.
  4539 | Temple   | Entered the Ecumenical Temple
  4748 | Temple   | Became a worshipper of Sif Muna the Loreminder
  5244 | D:6      | Found Velutz's Antique Weapon Emporium.
  5339 | D:6      | Bought a crystal hunting sling for 156 gold pieces
  5339 | D:6      | Identified the cursed +0 hunting sling of Vanity {flame,
                  | Str-2 Int+3 Dex+6} (You bought it in a shop on level 6 of
                  | the Dungeon)
  5379 | D:6      | Reached * piety under Sif Muna
  5401 | D:6      | Reached XP level 9. HP: 65/65 MP: 18/18
  5522 | D:6      | Found Yddymmon's Magic Scroll Boutique.
  5618 | D:6      | Noticed Eustachio
  5633 | D:6      | Killed Eustachio
  5848 | D:6      | Reached skill level 8 in Ice Magic
  5856 | D:6      | Reached ** piety under Sif Muna
  6285 | D:6      | Learned a level 4 spell: Hailstorm
  6290 | D:6      | Learned a level 4 spell: Summon Ice Beast
  6540 | D:7      | Reached skill level 5 in Invocations
  6803 | D:7      | Noticed a moth of wrath
  7293 | D:7      | Found a bloodstained altar of Trog.
  7483 | D:8      | Reached *** piety under Sif Muna
  7788 | D:8      | Reached XP level 10. HP: 28/73 MP: 13/20
  7793 | D:8      | Noticed a two-headed ogre
  8318 | D:8      | Identified Sixaiwen's Grimoire of Lightness
  8324 | D:8      | Found a hide-covered altar of Uskayaw.
  8344 | D:8      | Killed a two-headed ogre
  8345 | D:8      | Reached skill level 5 in Fighting
  8345 | D:8      | Reached skill level 5 in Short Blades
  8345 | D:8      | Reached skill level 5 in Long Blades
  8345 | D:8      | Reached skill level 5 in Axes
  8345 | D:8      | Reached skill level 5 in Maces & Flails
  8345 | D:8      | Reached skill level 5 in Polearms
  8345 | D:8      | Reached skill level 5 in Staves
  8345 | D:8      | Reached skill level 5 in Slings
  8345 | D:8      | Reached skill level 5 in Bows
  8345 | D:8      | Reached skill level 5 in Crossbows
  8345 | D:8      | Reached skill level 5 in Throwing
  8345 | D:8      | Reached skill level 5 in Armour
  8345 | D:8      | Reached skill level 5 in Shields
  8345 | D:8      | Reached skill level 5 in Unarmed Combat
  8345 | D:8      | Reached skill level 5 in Evocations
  8538 | D:8      | Noticed Erica
  8562 | D:8      | Killed from afar by Erica

Illustrated notes

Levels and vault maps discovered:
D:1:      kb_arrival_jail, layout_loops_ring
D:2:      layout_loops_ring, chequers_ecumenical_altar_simple, fedhas_altar_2
D:3:      layout_rooms, nicolae_overflow_crystal_walls
D:4:      layout_loops_cross, general_overflow_altar, supply_closet_lemuel,
          dk_vineyard_3, uniq_edmund, uniq_sigmund
D:5:      layout_cave_pools, slow_altar_1, grunt_temple_overflow_open,
          minmay_temple_entry_gardened_gates, chequers_serial_rivers_micro_b
D:6:      layout_cave_pools, serial_shops, shop, serial_gnoll_camp,
          gnoll_camp_mini_doghouse, gnoll_camp_mini_shop, gnoll_camp_mini_hut,
          gnoll_camp_mini_doghouse, gnoll_camp_mini_sergeant, uniq_eustachio
D:7:      layout_cave_pools, tgw_trog
D:8:      minmay_recursive_quarters, layout_gridville,
          eat_drink_and_be_merry_uskayaw, uniq_erica
Temple:   eino_narrow_crystal_temple

Skill      XL: |  1  2  3  4  5  6  7  8  9 10 |
---------------+-------------------------------+-----
Spellcasting   | 5 6 7 |  7.2
Invocations    | 1 2 3 4 5 |  5.6
Fighting       | 1 2 3 4 5 |  5.1
Short Blades   | 1 2 3 4 5 |  5.1
Long Blades    | 1 2 3 4 5 |  5.1
Axes           | 1 2 3 4 5 |  5.1
Maces & Flails | 1 2 3 4 5 |  5.1
Polearms       | 1 2 3 4 5 |  5.1
Staves         | 1 2 3 4 5 |  5.1
Slings         | 1 2 3 4 5 |  5.1
Bows           | 1 2 3 4 5 |  5.1
Crossbows      | 1 2 3 4 5 |  5.1
Throwing       | 1 2 3 4 5 |  5.1
Armour         | 1 2 3 4 5 |  5.1
Shields        | 1 2 3 4 5 |  5.1
Unarmed Combat | 1 2 3 4 5 |  5.1
Evocations     | 1 2 3 4 5 |  5.1
Conjurations   | 1 2 3 4 |  4.2
Hexes          | 1 2 3 4 |  4.2
Summonings     | 1 2 3 4 |  4.2
Necromancy     | 1 2 3 4 |  4.2
Translocations | 1 2 3 4 |  4.2
Transmutations | 1 2 3 4 |  4.2
Fire Magic     | 1 2 3 4 |  4.2
Air Magic      | 1 2 3 4 |  4.2
Earth Magic    | 1 2 3 4 |  4.2
Poison Magic   | 1 2 3 4 |  4.2
Dodging        | 5 6 |  6.9
Stealth        | 5 6 |  6.6
Ice Magic      | 8 |  8.3

Action                   |  1- 3 |  4- 6 |  7- 9 | 10-12 || total
-------------------------+-------+-------+-------+-------++-------
Melee: Unarmed           |     3 |       |       |       ||     3
       Bite              |     2 |     3 |    25 |     1 ||    31
       Short sword       |       |    11 |       |       ||    11
       Dire flail        |       |     8 |   224 |    17 ||   249
 Cast: Freeze            |    42 |    58 |    85 |     9 ||   194
       Frozen Ramparts   |       |     5 |    27 |     4 ||    36
       Ozocubu's Armour  |       |     2 |    13 |     3 ||    18
  Use: Scroll            |       |     4 |     6 |       ||    10
       Potion            |       |       |     1 |     3 ||     4
 Stab: Sleeping          |       |     4 |     8 |       ||    12
Armor: Robe              |     2 |    17 |    68 |       ||    87
       Ring mail         |       |       |    58 |    19 ||    77
Dodge: Dodged            |    10 |    46 |   298 |    32 ||   386

Table legend: (Time is in decaauts)
 A = Elapsed time spent in this place.
 B = Non-inter-level travel time spent in this place.
 C = Inter-level travel time spent in this place.
 D = Time resting spent in this place.
 E = Time spent auto-exploring this place.
 F = Levels seen in this place.
 G = Mean time per level.
                   A        B        C        D        E       F      G
               +--------+--------+--------+--------+--------+-----+--------+
         Total |   8600 |   8406 |    194 |   1887 |   4771 |   9 |  955.6 |
       Dungeon |   8376 |   8196 |    180 |   1887 |   4595 |   8 | 1047.0 |
        Temple |    224 |    210 |     14 |      0 |    176 |   1 |  224.0 |
               +--------+--------+--------+--------+--------+-----+--------+

Top non-repeatable levels by time:
     D:6: 1402 daAuts
     D:7: 1251 daAuts
     D:4: 1132 daAuts
     D:2: 1013 daAuts
     D:5: 986 daAuts
     D:1: 978 daAuts
     D:8: 897 daAuts
     D:3: 714 daAuts
  Temple: 224 daAuts
